 Dungeon Crawl Stone Soup version 0.31-a0-1529-g7bd419a0e5 (webtiles) character file.

Game seed: 13438824230616407582

263 demibob the Cudgeller (level 5, 0/41 HPs)
             Began as a Demonspawn Chaos Knight on Dec 31, 2023.
             Was a Plaything of Xom.
             Incinerated by a bombardier beetle (3 damage)
             ... with a burning spray
             ... while paralysed by Grinder
             ... on level 3 of the Dungeon.
             The game lasted 00:02:26 (1562 turns).

demibob the Cudgeller (Demonspawn Chaos Knight)     Turns: 1562, Time: 00:02:26

Health: 0/41       AC:  8    Str: 14    XL:     5   Next: 98%
Magic:  5/5        EV:  2    Int: 13    God:    Xom [....*.]
Gold:   80         SH:  0    Dex: 12    Spells: 4/4 levels left

rFire   . . .        a - +1 mace (chaos)
rCold   . . .        (no shield)
rNeg    . . .        b - +2 leather armour
rPois   .            (helmet restricted)
rElec   .            (no cloak)
rCorr   .            (no gloves)
SInv    .            f - +0 pair of boots
Will    .....        (no amulet)
Stlth   +            (no ring)
HPRegen 0.26/turn    (no ring)
MPRegen 0.09/turn

%: no passive effects
@: paralysed, on fire, hasted, glowing
A: horns 1, slimy green scales 1
a: Renounce Religion


You were on level 3 of the Dungeon.
You worshipped Xom.
You were a beloved toy of Xom.
You visited 1 branch of the dungeon, and saw 3 of its levels.

You collected 80 gold pieces.


Innate Abilities, Weirdness & Mutations

You have a pair of small horns on your head.
You are partially covered in slimy green scales. (AC +2)


   Skills:
 - Level 3.0 Fighting
 + Level 6.1 Maces & Flails
 - Level 1.7 Armour
 - Level 0.8 Dodging


You had 4 spell levels left.
You didn't know any spells.
Your spell library contained the following spells:

 Spells                   Type           Power      Damage    Failure   Level
 Necrotise                Necr           0%         1d4       36%         1
 Martyr's Knell           Necr/Summ      0%         N/A       98%         4
 Borgnjor's Vile Clutch   Necr/Erth      0%         N/A       100%        5

Inventory:

Hand Weapons
 a - a +1 mace of chaos (weapon)
Armour
 b - a +2 leather armour (worn)
 f - a +0 pair of boots (worn)
Scrolls
 c - a scroll of butterflies
 e - a scroll of enchant weapon
 i - a scroll of fear {unknown}
Potions
 d - a potion of haste {@q3}

Dungeon Overview and Level Annotations

Branches:
Dungeon (3/15)

Altars:
Xom

##### ######### #...#
#........ ######...####
#..$.....
..)†........####@#
#..).............####
#######
#.##............l...#
#......
............###.#.......
#.#####
#.##.#..........#.......
#.##.#....#.....#........
#.........#..#######.....
#..###....#.... .#..# ..
#......... ##..#


You could see an iguana.


Message History

You are confused.
Grinder gestures at you. Pain shoots through your body!
* * * LOW HITPOINT WARNING * * *
Unknown command.
Okay, then.
Grinder blinks!
You closely miss Grinder. You headbutt Grinder.
Grinder is almost dead.
Grinder gestures at you.
You suddenly lose the ability to move!
The bombardier beetle sprays incendiary fluid at you.
The burning spray hits you.
You are covered in liquid fire!
The liquid fire burns you!
* * * LOW HITPOINT WARNING * * *
You kill Grinder!
Your Maces & Flails skill gained 2 levels and is now at level 6!
You have reached level 5!
The liquid fire burns you!
* * * LOW HITPOINT WARNING * * *
"This might be better!"
The bombardier beetle evaporates and reforms as an iguana!
You are now a beloved toy of Xom.
The liquid fire burns you!
* * * LOW HITPOINT WARNING * * *
You feel less confused. The liquid fire burns you!
You die...
Xom guffaws!

Skill      XL: |  1  2  3  4 |
---------------+-------------+-----
Maces & Flails | 3 4 6 |  6.1
Fighting       | |  3.0
Armour         | |  1.7
Dodging        | |  0.8

Action                     |  1- 3 |  4- 6 || total
---------------------------+-------+-------++-------
  Melee: Mace              |   136 |    48 ||   184
         Headbutt          |    13 |     6 ||    19
         Punch             |     1 |     1 ||     2
    Use: Scroll            |     3 |     3 ||     6
         Potion            |       |     3 ||     3
   Stab: Paralysed         |       |     1 ||     1
 Armour: Leather armour    |    88 |    33 ||   121
  Dodge: Dodged            |    89 |    22 ||   111

Levels and vault maps discovered:
D:1:      minmay_arrival_four_circles, layout_basic,
          hellmonk_ecumenical_altar_crossroads, hex_medium
D:2:      layout_basic
D:3:      layout_loops_ring, grunt_temple_overflow_order_and_chaos_1,
          uniq_grinder

Notes
Turn   | Place    | Note
-------+----------+-------------------------------------------
     0 | D:1      | demibob the Demonspawn Chaos Knight began the quest for the
                  | Orb.
     0 | D:1      | Reached XP level 1. HP: 18/18 MP: 1/1
    41 | D:1      | Found a faded altar of an unknown god.
   105 | D:1      | Reached skill level 3 in Maces & Flails
   138 | D:1      | Gained mutation: You have a pair of small horns on your
                  | head. [demonic ancestry]
   138 | D:1      | Reached XP level 2. HP: 19/24 MP: 2/2
   488 | D:1      | XOM: silly message
   615 | D:1      | Gained mutation: You are partially covered in slimy green
                  | scales. (AC +2) [demonic ancestry]
   615 | D:1      | Reached XP level 3. HP: 28/29 MP: 3/3
   879 | D:2      | Reached skill level 4 in Maces & Flails
   917 | D:2      | Got the Codex of the Cooperative Grave
  1193 | D:2      | Reached XP level 4. HP: 35/35 MP: 4/4
  1388 | D:3      | XOM: noise
  1389 | D:3      | Found a shimmering altar of Xom.
  1389 | D:3      | Noticed an angel
  1421 | D:3      | XOM: 1-stop teleportation journey
  1507 | D:3      | XOM: 6-stop teleportation journey
  1537 | D:3      | Noticed Grinder
  1554 | D:3      | XOM: confusion
  1558 | D:3      | Paralysed by Grinder for 5 turns
  1559 | D:3      | Killed Grinder
  1560 | D:3      | Reached skill level 6 in Maces & Flails
  1560 | D:3      | Reached XP level 5. HP: 11/41 MP: 5/5
  1560 | D:3      | XOM: polymorph bombardier beetle -> iguana
  1561 | D:3      | HP: 2/41 [burnt (4)]
  1562 | D:3      | Incinerated by a bombardier beetle

Vanquished Creatures
  Grinder (D:3)
  An adder (D:2)
  5 dart slugs
  2 ribbon worms (D:2)
  3 ball pythons
  6 endoplasms
  6 goblins
  5 hobgoblins
  7 jackals
  5 quokkas
  2 bats
  8 kobolds
  7 rats
58 creatures vanquished.

Table legend: (Time is in decaauts)
 A = Elapsed time spent in this place.
 B = Non-inter-level travel time spent in this place.
 C = Inter-level travel time spent in this place.
 D = Time resting spent in this place.
 E = Time spent auto-exploring this place.
 F = Levels seen in this place.
 G = Mean time per level.
                   A        B        C        D        E       F      G
               +--------+--------+--------+--------+--------+-----+--------+
         Total |   1592 |   1552 |     40 |      0 |   1149 |   3 |  530.7 |
       Dungeon |   1592 |   1552 |     40 |      0 |   1149 |   3 |  530.7 |
               +--------+--------+--------+--------+--------+-----+--------+

Top non-repeatable levels by time:
     D:1: 847 daAuts
     D:2: 572 daAuts
     D:3: 172 daAuts

Table legend:
 A = Non-vault XP
 B = Vault XP
 C = Vault XP percentage of total XP
 D = Non-vault monster count
 E = Vault monster count
 F = Vault count percentage of total count
                 A         B        C        D         E       F
            +---------+---------+-------+---------+---------+-------
      Total |     123 |     254 |  67.4 |      57 |       1 |   1.7
            +---------+---------+-------+---------+---------+-------
        D:1 |      44 |       0 |   0.0 |      25 |       0 |   0.0
        D:2 |      65 |       0 |   0.0 |      24 |       0 |   0.0
        D:3 |      14 |     254 |  94.8 |       8 |       1 |  11.1
            +---------+---------+-------+---------+---------+-------
